 Dungeon Sprint DCSS version 0.27-a0-103-g6cd7b45605 (webtiles) character file.

Game seed: 5055859183843945019

254 mhtbhm the Geomancer (level 5, -11/28 HPs)
             Began as a Deep Elf Earth Elementalist on Jan 23, 2021.
             Mangled by a vampire (13 damage)
             ... in the Dungeon (Sprint IX: "|||||||||||||||||||||||||||||").
             The game lasted 00:03:44 (412 turns).

mhtbhm the Geomancer (Deep Elf Earth Elementalist)   Turns: 412, Time: 00:03:44

Health: -11/28     AC:  5    Str:  5    XL:     5   Next: 91%
Magic:  12/19      EV: 15    Int: 24    God:
Gold:   0          SH:  0    Dex: 15    Spells: 22/23 levels left

rFire    . . .     SeeInvis .   a - +2 rapier (drain)
rCold    . . .     Faith    .   (no shield)
rNeg     . . .     Spirit   .   c - +0 robe
rPois    .         Reflect  .   m - +0 helmet
rElec    .         Harm     .   (no cloak)
rCorr    .         Rampage  .   (no gloves)
Will     .....     NoTele   +   (no boots)
Stlth    ++........             (no amulet)
HPRegen  0.09/turn              o - +3 ring of intelligence
MPRegen  0.16/turn              p - +2 ring of protection

@: no status effects
A: no striking features
a: no special abilities


You were in the Dungeon.
You visited 1 branch

Inventory:

Hand Weapons
 a - a +2 rapier of draining (weapon)
Missiles
 b - 8 stones
Armour
 c - a +0 robe (worn)
 m - a +0 helmet (worn)
Jewellery
 o - a +3 ring of intelligence (left hand)
 p - a +2 ring of protection (right hand)
Wands
 l - a wand of acid (5)
Scrolls
 i - 2 scrolls of blinking
 j - 3 scrolls of remove curse
 k - 2 scrolls of amnesia
Potions
 d - 3 potions of curing
 e - 3 potions of heal wounds
 f - a potion of haste
 g - 3 potions of magic
 h - a potion of berserk rage
 n - a potion of invisibility


   Skills:
 + Level 0.7 Fighting
 + Level 5.4 Dodging
 - Level 2.5 Stealth
 + Level 9.8 Spellcasting
 + Level 2.0 Transmutations
 + Level 10.0 Earth Magic
 + Level 1.0 Evocations


You had 22 spell levels left.
You knew the following spells:

 Your Spells              Type           Power        Failure   Level
a - Sandblast             Erth           100%         1%          1

Your spell library contained the following spells:

 Spells                   Type           Power        Failure   Level
 Passwall                 Tmut/Erth      33%          1%          2
 Stone Arrow              Conj/Erth      70%          1%          3
 Lee's Rapid Deconstruct  Erth           28%          2%          5
 Petrify                  Tmut/Erth      40%          4%          4


Dungeon Overview and Level Annotations

Branches:
Dungeon (1/1)

Altars:
Cheibriados
Dithmenos
Elyvilon
Fedhas
Gozag
Hepliaklqana
Kikubaaqudgha
Makhleb
Nemelex Xobeh
Okawaru
Qazlal
Ru
Sif Muna
Trog
Uskayaw
Vehumet
Wu Jian
Xom
Yredelemnul
Zin
The Shining One
Beogh
Jiyva
Lugonu


Message History

Confirm with . or Enter, or press ? or * to list all spells.
Aiming: Sandblast (safe; 1% risk of failure)
Press: ? - help, Shift-Dir - straight line, f/p - vampire
Aim: a vampire (almost destroyed, 16% to evade)
The blast of sand misses the vampire.
The vampire is infused with unholy energy.
The vampire draws life force from you and is healed!
Unknown command.
Unknown command.
Evoke which item? (* to show all) (? for menu, Esc to quit)
Aiming: Corrosive Bolt
Press: ? - help, Shift-Dir - straight line, f/p - vampire
Aim: a vampire (severely damaged, 29% to evade)
The bolt of acid hits the vampire.
The vampire is splashed with acid.
The acid corrodes the vampire!
The vampire is almost destroyed.
The vampire hits you!
* * * LOW HITPOINT WARNING * * *
The vampire bites you!
You die...

▓.▓
▓.▓
▓)▓
▓.▓
▓.▓
▓[▓
▓[▓
▓.▓
▓@▓
▓V▓
▓.▓
▓)▓
▓.▓
▓)▓
▓.▓
▓.▓


You could see a vampire (corroded).

Vanquished Creatures
  A sky beast (D)
  A howler monkey (D)
  A jelly (D)
  An iguana (D)
  An orc wizard (D)
  A worker ant (D)
  A gnoll (D)
  2 orcs (D)
  A giant cockroach (D)
  A hobgoblin (D)
  2 jackals (D)
  A frilled lizard (D)
  A rat (D)
15 creatures vanquished.

Notes
Turn   | Place    | Note
-------+----------+-------------------------------------------
     0 | D        | mhtbhm the Deep Elf Earth Elementalist began the quest for
                  | the Orb.
     0 | D        | Reached XP level 1. HP: 10/10 MP: 6/6
    91 | D        | Noticed a worker ant
    91 | D        | Noticed an orc wizard
    91 | D        | Noticed a howler monkey
    94 | D        | Reached skill level 4 in Earth Magic
    97 | D        | Killed a worker ant
    98 | D        | Reached skill level 5 in Spellcasting
    98 | D        | Reached skill level 5 in Earth Magic
    98 | D        | Reached XP level 2. HP: 10/15 MP: 2/10
    98 | D        | Reached XP level 3. HP: 13/19 MP: 2/11
   103 | D        | Reached skill level 6 in Earth Magic
   104 | D        | Reached skill level 7 in Earth Magic
   104 | D        | Reached XP level 4. HP: 6/24 MP: 10/15
   326 | D        | Found a roughly hewn altar of Beogh.
   326 | D        | Found a snail-covered altar of Cheibriados.
   326 | D        | Found a shadowy altar of Dithmenos.
   326 | D        | Found a white marble altar of Elyvilon.
   326 | D        | Found a blossoming altar of Fedhas.
   326 | D        | Found an opulent altar of Gozag.
   327 | D        | Found a hazy altar of Hepliaklqana.
   328 | D        | Found a viscous altar of Jiyva.
   329 | D        | Found an ancient bone altar of Kikubaaqudgha.
   344 | D        | Found a corrupted altar of Lugonu.
   345 | D        | Found a burning altar of Makhleb.
   346 | D        | Found a sparkling altar of Nemelex Xobeh.
   347 | D        | Found an iron altar of Okawaru.
   348 | D        | Found a stormy altar of Qazlal.
   349 | D        | Found a sacrificial altar of Ru.
   350 | D        | Found a shimmering blue altar of Sif Muna.
   351 | D        | Found a bloodstained altar of Trog.
   352 | D        | Found a hide-covered altar of Uskayaw.
   353 | D        | Found a radiant altar of Vehumet.
   354 | D        | Found an ornate altar of the Wu Jian Council.
   355 | D        | Found a shimmering altar of Xom.
   356 | D        | Found a basalt altar of Yredelemnul.
   357 | D        | Found a glowing silver altar of Zin.
   358 | D        | Found a glowing golden altar of the Shining One.
   402 | D        | Noticed a vampire
   402 | D        | Noticed a sky beast
   404 | D        | Reached skill level 8 in Earth Magic
   407 | D        | Reached XP level 5. HP: 28/28 MP: 13/17
   408 | D        | Killed a sky beast
   409 | D        | Reached skill level 5 in Dodging
   409 | D        | Reached skill level 9 in Earth Magic
   410 | D        | Reached skill level 10 in Earth Magic
   410 | D        | Reached skill level 1 in Evocations
   412 | D        | Mangled by a vampire

Illustrated notes

Levels and vault maps discovered:
D:        linesprint [early_d, line_temple, items_1, d_10, items_2, lair_1,
          lair_end, items_3, orc_1, orc_end, items_4, d_15, swamp_1, shoals_1,
          snake_1, spider_1, d_20, vaults_1, items_5, swamp_end, shoals_end,
          snake_end, spider_end, vaults_end, d_27, items_6, zot_1, zot_end,
          crypt_end, forest_end, elf_end, slime_end, tomb_end, abyss_end,
          pan_hell_end]

Skill      XL: |  1  2  3  4  5 |
---------------+----------------+-----
Dodging        | 4 5 |  5.4
Spellcasting   | 5 7 8 9 |  9.8
Earth Magic    | 5 7 8 10 | 10.0
Transmutations | 2 |  2.0
Evocations     | 1 |  1.0
Fighting       | |  0.7
Stealth        | |  2.5

Action                   |  1- 3 |  4- 6 || total
-------------------------+-------+-------++-------
Melee: Unarmed           |     4 |       ||     4
 Cast: Sandblast         |    17 |     5 ||    22
Evoke: Wand              |       |     5 ||     5
  Use: Potion            |     2 |     1 ||     3
Armor: Robe              |     1 |       ||     1
Dodge: Dodged            |     5 |     5 ||    10

Table legend: (Time is in decaauts)
 A = Elapsed time spent in this place.
 B = Non-inter-level travel time spent in this place.
 C = Inter-level travel time spent in this place.
 D = Time resting spent in this place.
 E = Time spent auto-exploring this place.
 F = Levels seen in this place.
 G = Mean time per level.
                   A        B        C        D        E       F      G
               +--------+--------+--------+--------+--------+-----+--------+
         Total |    410 |    401 |      9 |    275 |      8 |   1 |  410.0 |
       Dungeon |    410 |    401 |      9 |    275 |      8 |   1 |  410.0 |
               +--------+--------+--------+--------+--------+-----+--------+

Top non-repeatable levels by time:
       D: 410 daAuts
